Cogmind - Beta 14 @@@ ROGUE MODE // 2024.10.15 @ 05:30:48 Player: Beef Result: Destroyed by G-73 Enforcer with Phase Gun Performance ------------- Evolutions (8) 4000 Regions Visited (24) 4800 Robots Destroyed (241) 1205 Value Destroyed (10318) 10318 Prototype IDs (59) 1180 Alien Tech Used (0) 0 Bonus (6478) 6478 TOTAL SCORE: 27981 Bonus ------- High Alert Combat Kills 656 Follower Combat Kills 871 Met Data Miner 300 Met Zhirov 300 Met R17 at Cetus 500 Met R17 at Research 2000 Acquired SGEMP 2000 Friendly Fire -149 Cogmind --------- Core Integrity 0/1450 Matter 300/300 Energy 91/100 System Corruption 25% Temperature Cool (9) Movement Core (50) Location -2/Research Parts ------- > --- POWER (2) -------- (None) > --- PROPULSION (8) --- (None) > --- UTILITY (10) ----- (None) > --- WEAPON (3) ------- (None) > --- INVENTORY (5) ---- Enhanced Quantum Rifle Improved Potential Cannon SGEMP Prototype Peak State ------------ > --- POWER ------------ Quantum Reactor Quantum Reactor > --- PROPULSION ------- Cooled Field Propulsion Drive Q-thruster Electron Diverter Electron Diverter Electron Diverter Electron Diverter Improved Diametric Drive Improved Diametric Drive > --- UTILITY ---------- Advanced Cryofiber Web Advanced Heat Sink Medium Storage Unit Advanced Sensor Array 0b10 Decoder Chip [Generic] Improved Targeting Computer Improved Melee Analysis Suite Experimental Armor Integrity Analyzer Improved Phase Shifter Advanced System Shield > --- WEAPON ----------- Advanced Plasma Rifle High-powered Disruptor Cannon > --- INVENTORY -------- Micro Antimatter Reactor Quantum Reactor Q-thruster Improved Potential Cannon SGEMP Prototype [Rating: 181] Favorites ----------- Power Meta Core Engine Improved Ion Engine Power Core Meta Core Reactor Quantum Reactor Propulsion Improved VSS Leg Treads Light Treads Leg Improved VSS Leg Wheel Subdweller Monowheel Hover Unit Improved Antigrav System Flight Unit Electron Diverter Utility Advanced Hacking Suite Device Advanced Heat Sink Storage High-capacity Storage Unit Processor Experimental Target Analyzer Hackware Advanced Hacking Suite Protection Hardened Light Armor Plating Weapon Advanced Beam Cannon Energy Gun Wave Gun Energy Cannon Advanced Beam Cannon Ballistic Gun Advanced KE Penetrator Launcher Heavy Missile Launcher Special Weapon Molecular Deconstructor Impact Weapon Makeshift Hammer Piercing Weapon Lance Build | -11 -10 -10 -8 -7 -7 -7 -7 -6 -6 -6 -6 -6 -5 -5 -5 -5 -5 -5 -4 -4 -4 -3 -3 -2 ------- Run | Yrd Mat Sub Mat Fac Low Low Zio Pro Fac Low Low Dat Pro Fac Ext Cet Arc Hub Fac Was Fac Res Tes Res Slots Evolved 16 | . . . 4 2 . . . . 2 . . . . 2 . . . . 2 . . 2 . 2 Power 1 | . . . . . . . . . 1 . . . . . . . . . . . . . . . Propulsion 6 | . . . 2 . . . . . 1 . . . . 1 . . . . . . . 2 . . Utility 8 | . . . 2 2 . . . . . . . . . . . . . . 2 . . . . 2 Weapon 1 | . . . . . . . . . . . . . . 1 . . . . . . . . . . Parts Attached 474 | 8 10 13 23 25 1 14 16 9 3 . 2 . 3 37 26 12 15 9 73 1 9 30 67 68 Power 65 | 1 5 . 4 . . . . . 2 . . . . 6 3 4 2 2 9 . . 3 9 15 Engine 17 | 1 5 . 3 . . . . . . . . . . 4 . . 1 1 . . . . 1 1 Core 15 | . . . 1 . . . . . 2 . . . . 2 3 1 . . 6 . . . . . Reactor 33 | . . . . . . . . . . . . . . . . 3 1 1 3 . . 3 8 14 Propulsion 159 | 2 1 5 11 9 1 3 5 2 1 . 1 . . 12 9 1 5 2 24 1 . 12 29 23 Treads 8 | 2 1 . 3 . . . . . . . . . . . . . 1 . 1 . . . . . Leg 94 | . . 2 8 9 1 3 5 2 1 . 1 . . 3 8 1 4 . 9 . . 9 15 13 Wheel 16 | . . 3 . . . . . . . . . . . 2 . . . 2 . . . . 1 8 Hover 28 | . . . . . . . . . . . . . . 7 1 . . . 14 . . 1 5 . Flight 13 | . . . . . . . . . . . . . . . . . . . . 1 . 2 8 2 Utility 137 | 2 2 8 5 7 . 3 10 2 . . 1 . 3 10 12 1 5 3 16 . 7 9 16 15 Device 69 | 1 1 7 2 2 . 1 1 1 . . . . 3 9 5 . 2 1 10 . 3 5 8 7 Storage 15 | 1 1 . 1 . . . 1 . . . . . . . 1 . 1 . 1 . . 1 4 3 Processor 21 | . . . . . . . 5 . . . . . . . 2 . . 1 1 . 3 2 3 4 Hackware 11 | . . . 1 1 . . 3 . . . . . . . . . . . 4 . 1 . 1 . Protection 21 | . . 1 1 4 . 2 . 1 . . 1 . . 1 4 1 2 1 . . . 1 . 1 Artifact . | . . . . . . . . . . . . . . . . . . . . . . . . . Weapon 113 | 3 2 . 3 9 . 8 1 5 . . . . . 9 2 6 3 2 24 . 2 6 13 15 Energy Gun 39 | 1 . . 1 3 . . . 3 . . . . . 4 1 3 1 . 5 . . 4 7 6 Energy Cannon 37 | . 2 . 2 2 . 4 1 1 . . . . . 4 1 2 1 . 4 . . . 4 9 Ballistic Gun 9 | 2 . . . . . . . . . . . . . . . 1 . 1 4 . . 1 . . Ballistic Cannon . | . . . . . . . . . . . . . . . . . . . . . . . . . Launcher 9 | . . . . . . 3 . . . . . . . . . . 1 . 5 . . . . . Special Weapon 1 | . . . . . . . . 1 . . . . . . . . . . . . . . . . Impact Weapon 12 | . . . . 4 . 1 . . . . . . . 1 . . . 1 5 . . . . . Slashing Weapon . | . . . . . . . . . . . . . . . . . . . . . . . . . Piercing Weapon 6 | . . . . . . . . . . . . . . . . . . . 1 . 2 1 2 . Special Melee Weapon . | . . . . . . . . . . . . . . . . . . . . . . . . . Unidentified Prototypes 31 | . . 1 1 1 . . 5 1 . . . . . 1 . 3 1 . 4 1 . . 12 . Corrupted Parts 6 | . . . . . . . . . . . . . . . . . . . 6 . . . . . System Corruption 35 | . . . . . . . . . . . . . . . . . . . 35 . . . . . Parts Lost 191 | . . 1 7 8 . 2 . 2 . . . . 2 16 6 2 19 2 40 . . 5 44 35 Power 30 | . . . 2 . . . . . . . . . . 3 1 . 2 2 6 . . 1 8 5 Propulsion 80 | . . 1 3 5 . . . . . . . . . 8 3 . 8 . 17 . . 2 20 13 Utility 45 | . . . 1 2 . 2 . . . . . . 1 3 2 . 5 . 7 . . 1 8 13 Weapon 36 | . . . 1 1 . . . 2 . . . . 1 2 . 2 4 . 10 . . 1 8 4 Highest Loss Streak 24 | . . 1 6 2 . 1 . 2 . . . . 1 10 3 1 19 1 20 . . 4 16 24 To Critical Strikes 4 | . . . . . . . . . . . . . . . . . . . 2 . . . 2 . Average Slot Usage (%) 93 | . 99 99 93 99 100 96 98 99 100 100 100 100 99 91 98 99 55 81 86 42 56 84 84 87 Engine 2 | . 14 14 3 . . . . . . . . . . 2 . . . 5 . . . . . . Core 4 | . . . 4 6 7 7 7 7 12 12 12 12 12 5 9 4 . . 3 . . . . . Reactor 1 | . . . . . . . . . . . . . . . . 6 4 3 2 . . 6 6 7 Treads 2 | . 28 . 7 2 . . . . . . . . . . . . 1 5 1 . . . . . Leg 18 | . . 4 27 27 28 28 28 28 31 31 31 31 31 16 22 35 16 5 3 5 5 11 22 4 Wheel 2 | . . 22 . . . . . . . . . . . 1 . . . 8 1 . . . . 10 Hover 3 | . . . . . . . . . . . . . . 8 11 . . . 19 5 5 8 4 . Flight 1 | . . . . . . . . . . . . . . . . . . . . . 5 5 3 17 Device 10 | . 13 13 15 18 21 15 7 7 6 6 6 6 5 8 11 11 3 10 8 5 5 6 7 13 Storage 6 | . 14 14 7 6 7 7 7 7 6 6 6 6 6 5 5 5 5 5 4 . . 1 6 4 Processor 5 | . . . . . . . 4 7 6 6 6 6 6 5 5 5 2 4 9 10 14 15 12 14 Hackware 9 | . . . . 12 14 14 20 21 18 18 18 18 18 12 5 5 5 5 10 10 11 10 7 . Protection 4 | . . . 6 5 7 9 9 7 6 6 6 6 6 2 3 5 2 4 4 . . 2 . . Energy Gun 5 | . . . 3 5 . . . 12 6 6 6 6 6 8 10 14 5 . 4 . . 9 9 4 Energy Cannon 8 | . 8 28 16 11 14 13 12 1 6 6 6 6 6 6 5 1 2 5 2 . . . . 5 Ballistic Gun 1 | . 19 . . . . . . . . . . . . . . . . 4 1 . . . . . Peak Build Rating 181 | 9 16 20 49 64 58 61 75 89 90 90 90 90 92 103 107 124 124 92 131 58 79 127 153 181 Average Rating 78 | 6 11 18 39 56 56 57 68 77 89 89 90 90 91 87 101 118 65 86 108 48 66 106 114 153 On Entrance 70 | . 9 15 17 49 58 57 58 75 81 90 90 90 90 87 94 107 124 54 87 48 58 78 125 130 Naked Turns 3 | . . . . . . . . . . . . . . . . . . . . . . . . 3 Heaviest Build 148 | 12 39 38 48 52 48 55 66 65 73 73 73 73 79 81 132 148 148 96 101 6 7 121 122 124 Greatest Support 209 | 40 40 40 55 67 52 60 74 75 77 77 77 77 77 97 135 135 135 80 111 11 6 165 170 209 Greatest Overweight (x) 21 | . . 1 2 1 . 1 1 1 . . . . 1 6 1 1 2 3 21 . 1 1 3 4 Average Overweight (x) . | . . . . . . . . . . . . . . . . . . 2 1 . . . . . Largest Inventory Capacity 25 | 8 15 15 15 15 15 15 20 20 20 20 20 20 20 20 25 25 25 20 25 5 5 25 25 20 Average Capacity 17 | 7 13 15 15 15 15 15 17 20 20 20 20 20 20 20 21 25 20 20 18 5 5 9 15 16 Most Carried 25 | 7 13 15 15 15 15 15 20 20 20 20 20 20 20 20 25 25 25 13 20 5 5 25 25 20 Average Carried 15 | 4 8 13 12 14 14 14 17 19 19 19 19 20 19 18 20 24 16 8 16 5 4 6 13 14 Final Capacity 25 | 8 15 15 15 15 15 15 20 20 20 20 20 20 20 20 25 25 20 20 5 5 5 25 10 5 Final Carried 25 | 7 11 11 15 15 15 15 20 20 20 20 20 20 20 19 25 25 13 8 5 5 5 20 10 5 Class Distribution -------------------- 37% | Hacker-Mutant 17% | Mutant 6% | Hacker-Gunner 5% | Scavenger-Gunner 4% | Scavenger-Skirmisher 4% | Commander-Gunner 4% | Scavenger-Mutant 4% | Hacker-Skirmisher 4% | Scavenger-Tank Dominant Class ---------------- Mutant | -10/Materials Mutant | -10/Subcaves Scavenger-Tank | -8/Materials Scavenger-Skirmisher | -7/Factory Hacker-Mutant | -7/Lower Caves Hacker-Mutant | -7/Lower Caves Hacker-Mutant | -7/Zion Hacker-Mutant | -6/Proximity Caves Hacker-Mutant | -6/Factory Hacker-Mutant | -6/Lower Caves Hacker-Mutant | -6/Lower Caves Hacker-Mutant | -6/Data Miner Hacker-Mutant | -5/Proximity Caves Hacker-Gunner | -5/Factory Commander-Gunner | -5/Extension Scavenger-Tank | -5/Cetus Mutant | -5/Archives Scavenger-Mutant | -5/Hub_04(d) Hacker-Mutant | -4/Factory Hacker-Mutant | -4/Waste Hacker-Mutant | -4/Factory Scavenger-Gunner | -3/Research Scavenger-Gunner | -3/Testing Gunner | -2/Research Resources | -11 -10 -10 -8 -7 -7 -7 -7 -6 -6 -6 -6 -6 -5 -5 -5 -5 -5 -5 -4 -4 -4 -3 -3 -2 ----------- Run | Yrd Mat Sub Mat Fac Low Low Zio Pro Fac Low Low Dat Pro Fac Ext Cet Arc Hub Fac Was Fac Res Tes Res Matter Collected 5644 | 328 339 125 195 227 32 228 166 85 . 30 20 . 102 356 373 115 . 248 835 . . 439 754 647 Remotely . | . . . . . . . . . . . . . . . . . . . . . . . . . Salvage Created 11940 | 141 705 159 966 1309 124 179 70 343 . 115 77 . 222 887 674 184 157 342 1133 . . 314 1625 2214 Parts 509 | 13 47 12 45 38 6 10 2 15 . 4 . . 8 35 28 7 6 8 54 . . 14 57 100 Haulers Intercepted 7 | . 2 . 4 . . . . . . . . . . . 1 . . . . . . . . . Recyclers Shooed 8 | . . . . . 1 . . . . . . . . 3 . . . . 1 . . . 3 . Parts Field Recycled . | . . . . . . . . . . . . . . . . . . . . . . . . . Retrieved Matter . | . . . . . . . . . . . . . . . . . . . . . . . . . Parts Self-Destructed 63 | . . 22 . . 6 8 2 14 . 4 . . 7 . . . . . . . . . . . Prevented 1 | . . . . . 1 . . . . . . . . . . . . . . . . . . . Kills | -11 -10 -10 -8 -7 -7 -7 -7 -6 -6 -6 -6 -6 -5 -5 -5 -5 -5 -5 -4 -4 -4 -3 -3 -2 ------- Run | Yrd Mat Sub Mat Fac Low Low Zio Pro Fac Low Low Dat Pro Fac Ext Cet Arc Hub Fac Was Fac Res Tes Res Combat Hostiles Destroyed 174 | . 15 3 14 24 2 9 1 8 . 2 1 . 4 9 8 5 8 2 17 . . 5 12 25 Melee 4 | . . . . . . . . . . . . . . . . . . . 2 . . 1 1 . Guns 66 | . 12 . 2 4 . . . 7 . 2 . . . 5 5 4 . . 6 . . 4 10 5 Cannons 68 | . 2 3 11 15 2 3 . 1 . . 1 . 4 3 3 1 1 . 4 . . . . 14 AOE 20 | . . . . . . 6 . . . . . . . . . . 7 . 4 . . . . 3 Classes Destroyed 20 | 2 6 2 2 3 1 . . . . . 1 . . 1 . . . . . . . 1 1 . Worker 13 | . 1 . 3 1 . . . . . . . . . 2 . . . 2 1 . . . . 3 Builder 11 | . . . . . . . . . . . . . . 5 . . . . 3 . . . 2 1 Tunneler 6 | 3 1 . . . . . . . . . . . . . . . . . . . . . . 2 Hauler 7 | . 2 . 4 . . . . . . . . . . . 1 . . . . . . . . . Recycler 14 | 1 1 . . . . . . . . . . . . 1 . . . 1 2 . . . 5 3 Minesweeper 1 | . . . . . . . . . . . 1 . . . . . . . . . . . . . Operator 2 | . 1 . . . . . . . . . . . . . 1 . . . . . . . . . Turret 1 | . . 1 . . . . . . . . . . . . . . . . . . . . . . Watcher 12 | . 1 . 2 . . . . . . . . . . 2 1 1 . 1 1 . . . 1 2 Swarmer 39 | . 9 . 3 1 . 6 . 3 . . . . . . 1 4 . . 5 . . 2 . 5 Grunt 48 | . 6 1 8 13 . . . . . . 1 . 3 . 1 . 7 . . . . . 4 4 Brawler 2 | . . . 1 1 . . . . . . . . . . . . . . . . . . . . Duelist 4 | . . . . 2 . . . . . . . . . . . . . . . . . 1 . 1 Sentry 18 | . . . 2 4 . . . 1 . 1 . . . 2 5 . 1 . . . . . . 2 Hunter 25 | . . . . 1 1 . 1 2 . . . . 1 2 1 . . 2 6 . . 1 2 5 Programmer 29 | . . . . 2 1 . . 2 . 1 . . . 5 . . . . 6 . . . 4 8 Behemoth 1 | . . . . . . . . . . . . . . . . . . . . . . 1 . . Cetus Guard 1 | . . . . . . . . . . . . . . . . 1 . . . . . . . . Striker 2 | . . . . . . . . . . . . . . . . . . . . . . . 2 . Subdweller 2 | . . 2 . . . . . . . . . . . . . . . . . . . . . . Tinkerer 1 | . . . . . 1 . . . . . . . . . . . . . . . . . . . Wasp 2 | . . . . . . 2 . . . . . . . . . . . . . . . . . . Thug 1 | . . . . . . 1 . . . . . . . . . . . . . . . . . . Best Kill Streak 8 | 2 4 1 6 3 1 3 1 3 . 1 1 . 2 2 2 4 7 3 5 . . 2 4 8 Combat Bots Only 7 | . 4 1 3 3 1 3 1 3 . 1 1 . 2 2 2 4 7 2 5 . . 2 2 7 Max Kills in Single Turn 5 | 1 1 1 2 1 1 3 1 1 . 1 1 . 1 1 1 2 5 1 3 . . 1 1 4 Gunslinging 1 | . . . . . . . . . . . . . . . . 1 . . . . . . . . Exploded 5 | . . . . . . 3 . . . . . . . . . . 5 . 3 . . . . 3 Melee 1 | . . . . . . . . . . . . . . . . . . . 1 . . 1 1 . Uniques/NPCs Destroyed . | . . . . . . . . . . . . . . . . . . . . . . . . . Combat | -11 -10 -10 -8 -7 -7 -7 -7 -6 -6 -6 -6 -6 -5 -5 -5 -5 -5 -5 -4 -4 -4 -3 -3 -2 -------- Run | Yrd Mat Sub Mat Fac Low Low Zio Pro Fac Low Low Dat Pro Fac Ext Cet Arc Hub Fac Was Fac Res Tes Res Hostile Shots Fired 2344 | . 84 26 100 265 14 33 6 54 . 24 4 . 51 162 44 28 92 30 522 . . 29 353 423 Missed 750 | . 19 6 30 118 3 15 1 21 . 6 2 . 12 32 17 6 25 14 177 . . 6 102 138 Damage Taken 30282 | . 570 604 1066 1621 101 308 105 514 . 158 39 . 552 2088 850 331 2691 336 5673 . . 625 5315 6735 Core 5081 | . 43 58 155 143 . 24 . 113 . 5 39 . 23 198 100 13 568 65 1108 . . 261 695 1470 Absorbed by Shields 468 | . . . . . . . . . . . . . 136 . . 123 135 . . . . . . 74 Redirected to Shielding 129 | . . . . . . . . . . . . . . . . . . . . . . . 10 119 Regen/Repaired (Parts) 59 | . . . . . . . . . . . . . . . 59 . . . . . . . . . Core Remaining (%) 52 | 100 . 59 71 . . . . 60 . . . . 92 . . . . 5 . . 3 . 26 . Volleys Fired 698 | 13 68 26 55 63 13 13 10 16 3 6 21 . 14 62 27 16 8 13 72 . . 13 67 99 Largest 3 | 2 2 2 3 3 2 2 2 2 2 2 2 . 2 3 3 3 3 2 3 . . 3 3 3 Hottest 675 | 60 136 136 204 219 170 170 170 170 155 155 155 . 155 243 247 402 242 116 269 . . 675 675 360 Shots Fired 1695 | 26 130 52 131 187 26 24 15 30 6 12 42 . 26 180 80 42 16 26 154 . . 38 193 259 Gun 943 | 26 100 . 19 63 . . . 23 3 6 21 . 12 107 53 35 11 13 108 . . 38 187 118 Cannon 739 | . 30 52 112 124 26 20 15 7 3 6 21 . 14 73 27 7 1 13 41 . . . 6 141 Launcher 13 | . . . . . . 4 . . . . . . . . . . 4 . 5 . . . . . Special . | . . . . . . . . . . . . . . . . . . . . . . . . . Kinetic 160 | 22 100 . . . . . . . . . . . . . . . . 13 25 . . . . . Thermal 1467 | 4 30 52 131 187 26 20 15 30 6 12 42 . 26 180 80 36 11 . 103 . . 38 181 257 Explosive 13 | . . . . . . 4 . . . . . . . . . . 4 . 5 . . . . . Electromagnetic 55 | . . . . . . . . . . . . . . . . 6 1 13 21 . . . 12 2 Robot Hit Streak 19 | 5 7 11 19 18 5 3 1 4 . 6 6 . 16 12 8 11 3 8 6 . . 3 15 8 Robot Miss Streak 8 | 2 4 3 3 3 2 2 3 3 . 2 2 . 1 5 4 2 2 2 7 . . 8 2 7 Penetration Max 1 | . . . . . . . . . . . . . . . . . . 1 . . . . . . Secondary Targets 9 | . 5 . . . . . . 1 . . . . . . . 1 . . . . . 1 . 1 Max Gunslinging Chain 1 | . 1 . . . . . . 1 . . . . . . . 1 . . . . . 1 . 1 Shots Hit Robots 951 | 15 67 20 88 138 13 4 2 25 . 7 13 . 23 99 49 28 9 20 70 . . 15 145 101 Core Hits 414 | 6 33 6 34 49 6 12 1 19 . 4 3 . 9 29 23 9 24 5 38 . . 11 47 46 Critical Kills 8 | . 1 . 1 2 . . 1 . . . . . . . . . . . . . . . . 3 Critical Parts Destroyed 4 | . . . . . . . . . . . . . . . . . . 1 3 . . . . . Critical Strikes 55 | . 1 . 2 6 . . 1 2 . 3 1 . 1 13 5 7 . 1 5 . . 1 3 3 Burn 37 | . . . 1 4 . . . 2 . 3 1 . 1 13 5 5 . . 1 . . . 1 . Meltdown 8 | . 1 . 1 2 . . 1 . . . . . . . . . . . . . . . . 3 Destroy 1 | . . . . . . . . . . . . . . . . . . 1 . . . . . . Corrupt 3 | . . . . . . . . . . . . . . . . 2 . . 1 . . . . . Smash 3 | . . . . . . . . . . . . . . . . . . . 3 . . . . . Impale 3 | . . . . . . . . . . . . . . . . . . . . . . 1 2 . Melee Attacks 170 | . . . . 11 . 3 . . . . . . . 13 . . . 5 79 4 10 19 26 . Impact 90 | . . . . 11 . 3 . . . . . . . 13 . . . 5 58 . . . . . Slashing . | . . . . . . . . . . . . . . . . . . . . . . . . . Piercing 80 | . . . . . . . . . . . . . . . . . . . 21 4 10 19 26 . Sneak Attacks 7 | . . . . . . . . . . . . . . . . . . 1 2 . . . 4 . Combat Hostiles . | . . . . . . . . . . . . . . . . . . . . . . . . . Follow-up Attacks . | . . . . . . . . . . . . . . . . . . . . . . . . . Damage Inflicted 30130 | 164 779 449 1852 3139 409 444 55 688 . 190 340 . 618 2815 1406 738 1702 726 3318 . . 438 4368 5492 Guns 12513 | 164 536 . 255 908 . . . 460 . 120 157 . 245 1679 913 556 119 238 1349 . . 343 3339 1132 Cannons 12724 | . 243 449 1597 2213 409 77 55 228 . 70 183 . 373 1136 493 182 28 333 802 . . . 87 3766 Explosions 3144 | . . . . . . 367 . . . . . . . . . . 1555 . 673 . . . . 549 Melee 1649 | . . . . . . . . . . . . . . . . . . 155 476 . . 91 927 . Ramming 100 | . . . . 18 . . . . . . . . . . . . . . 18 . . 4 15 45 Kinetic 1225 | 117 536 . . . . . . . . . . . . . . . . 238 334 . . . . . Thermal 23500 | 47 243 449 1852 3121 409 77 55 688 . 190 340 . 618 2815 1406 586 119 . 1468 . . 343 3272 5402 Explosive 2595 | . . . . . . 367 . . . . . . . . . . 1555 . 673 . . . . . Electromagnetic 1061 | . . . . . . . . . . . . . . . . 152 28 333 349 . . . 154 45 Impact 531 | . . . . . . . . . . . . . . . . . . 155 376 . . . . . Slashing . | . . . . . . . . . . . . . . . . . . . . . . . . . Piercing 1118 | . . . . . . . . . . . . . . . . . . . 100 . . 91 927 . Highest Corruption 64 | . . . . 2 2 2 3 2 . . . . . 8 8 . . . 64 64 64 . 16 25 Average Corruption 13 | . . . . 1 2 2 2 1 . . . . . 7 7 . . . 32 64 64 . 6 18 Corruption Purged 8 | . . . . . . . . . . . . . . . 8 . . . . . . . . . Corruption Blocked . | . . . . . . . . . . . . . . . . . . . . . . . . . Effects 266 | . . . . 3 6 11 5 3 . . . . . 40 24 . . . 68 9 15 . 36 46 Message Errors 55 | . . . . . 4 3 . 1 . . . . . 7 3 . . . 14 3 4 . 6 10 Matter Fused 73 | . . . . 2 2 5 1 . . . . . . 8 5 . . . 18 . 4 . 15 13 Heat Flow Errors 28 | . . . . . . 3 1 . . . . . . 4 4 . . . 9 . 1 . 2 4 Energy Discharges 22 | . . . . . . . 2 1 . . . . . 3 2 . . . 6 . 3 . 2 3 Parts Rejected 6 | . . . . . . . . . . . . . . 2 . . . . 1 . . . 2 1 Parts Fused 3 | . . . . . . . . . . . . . . . . . . . 1 . . . 1 1 Data Loss (minor) 26 | . . . . . . . . 1 . . . . . 7 6 . . . 3 1 1 . 3 4 Data Loss (major) 5 | . . . . . . . . . . . . . . 3 1 . . . . . 1 . . . Misfires 8 | . . . . . . . . . . . . . . 2 2 . . . . . . . 2 2 Alerts 11 | . . . . 1 . . 1 . . . . . . . 1 . . . 4 1 1 . 1 1 Misdirections 11 | . . . . . . . . . . . . . . . . . . . 2 4 . . 2 3 Weapon Failures 18 | . . . . . . . . . . . . . . 4 . . . . 10 . . . . 4 Overload Shots 50 | . . . . 10 1 3 6 2 . . . . . . . 1 . . . . . 6 21 . Effects 1 | . . . . . . . . . . . . . . . . . . . . . . . 1 . Energy Bleed 1 | . . . . . . . . . . . . . . . . . . . . . . . 1 . Overflow Damage 1659 | . 2 11 4 31 . 12 . 11 . . 22 . 19 104 50 25 49 118 266 . . 6 217 712 Projectiles 791 | . 2 11 4 31 . . . 11 . . 22 . 19 104 50 25 . 13 16 . . . . 483 Explosions 323 | . . . . . . 12 . . . . . . . . . . 49 . 33 . . . . 229 Melee 545 | . . . . . . . . . . . . . . . . . . 105 217 . . 6 217 . Knockbacks 3 | . . . . . . . . . . . . . . . . . . 1 2 . . . . . Impact 3 | . . . . . . . . . . . . . . . . . . 1 2 . . . . . Kinetic . | . . . . . . . . . . . . . . . . . . . . . . . . . Secondary . | . . . . . . . . . . . . . . . . . . . . . . . . . Self-Inflicted Damage 146 | . . . . . . 79 . . . . . . . . . . . . 56 . . 2 7 2 Shots 3 | . . . . . . 2 . . . . . . . . . . . . 1 . . . . . Rammed 6 | . . . . . . . . . . . . . . . . . . . . . . 1 3 2 Targets Rammed 23 | . . . . 3 . . . . . . . . . . . . . . 1 . . 1 3 15 Kicked 17 | . . . . 3 . . . . . . . . . . . . . . 1 . . . . 13 Crushed . | . . . . . . . . . . . . . . . . . . . . . . . . . Highest Temperature 738 | . 405 396 342 302 240 264 278 210 78 198 363 . 416 520 581 335 421 . 508 . 151 508 738 401 Average Temperature 143 | . 178 112 72 83 77 84 70 77 46 95 128 . 174 166 194 155 239 . 150 . 90 197 202 121 Received Heat Transfer 2647 | . 108 108 495 504 . 36 . 6 . 36 18 . 62 9 108 . 365 27 42 . . . 234 489 Effects 100 | . 7 1 . 1 . . . . . . 1 . 4 14 13 1 1 . 21 . . 6 30 . Shutdowns 32 | . 1 . . . . . . . . . 1 . 1 4 7 . . . 4 . . 3 11 . Energy Bleed 17 | . 1 1 . 1 . . . . . . . . . 4 1 . 1 . 3 . . 1 4 . Interference 23 | . 2 . . . . . . . . . . . 2 3 1 . . . 8 . . 2 5 . Matter Decay 8 | . 1 . . . . . . . . . . . 1 . 2 . . . 1 . . . 3 . Short Circuit 12 | . 2 . . . . . . . . . . . . 2 1 1 . . 3 . . . 3 . Damage (minor) 5 | . . . . . . . . . . . . . . 1 1 . . . 2 . . . 1 . Damage (major) 3 | . . . . . . . . . . . . . . . . . . . . . . . 3 . Siege Activations . | . . . . . . . . . . . . . . . . . . . . . . . . . Robots Corrupted 4 | . . . . . . . . . . . . . . . . . . 3 1 . . . . . Combat Hostiles 3 | . . . . . . . . . . . . . . . . . . 2 1 . . . . . Parts Fried 9 | . . . . . . . . . . . . . . . . . . 3 5 . . . . 1 Impact Corruptions 11 | . . . . . . . . . . . . . . . . . . 3 8 . . . . . Robots Melted 13 | . 1 . 1 5 . . 1 . . . . . . 1 . . . . . . . . 1 3 Combat Hostiles 13 | . 1 . 1 5 . . 1 . . . . . . 1 . . . . . . . . 1 3 Parts Melted 115 | . . . 4 26 3 . 4 6 . 5 . . 4 19 4 3 . . 2 . . 2 11 22 Heat Transferred 35220 | 100 444 814 3515 5543 609 150 74 1280 . 481 555 . 925 4773 2368 1258 185 . 2047 . . 507 5003 4589 Parts Sabotaged 4 | . . . . . . . . . . . . . . . . . . . . . . . . 4 Parts Stolen . | . . . . . . . . . . . . . . . . . . . . . . . . . Parts Stripped . | . . . . . . . . . . . . . . . . . . . . . . . . . Power Chain Reactions . | . . . . . . . . . . . . . . . . . . . . . . . . . Alert | -11 -10 -10 -8 -7 -7 -7 -7 -6 -6 -6 -6 -6 -5 -5 -5 -5 -5 -5 -4 -4 -4 -3 -3 -2 ------- Run | Yrd Mat Sub Mat Fac Low Low Zio Pro Fac Low Low Dat Pro Fac Ext Cet Arc Hub Fac Was Fac Res Tes Res Peak Influence 909 | 20 324 . 275 580 . . . . 36 . . . . 161 284 246 277 233 199 18 12 245 233 909 Initial 109 | . 13 . 11 63 . . . . 18 . . . . 37 30 5 71 37 109 14 12 1 3 47 Average 149 | 8 162 . 114 277 . . . . 20 . . . . 58 93 121 113 149 74 15 5 142 57 515 Maximum Alert Level 3 | . 1 . 1 2 . . . . . . . . . . 1 1 1 1 . . . 1 1 3 Low Security (%) 75 | 100 59 . 85 45 . . . . 100 . . . . 100 85 70 88 74 100 100 100 58 96 11 Level 1 15 | . 40 . 14 23 . . . . . . . . . . 14 29 11 25 . . . 41 3 16 Level 2 7 | . . . . 31 . . . . . . . . . . . . . . . . . . . 47 Level 3 2 | . . . . . . . . . . . . . . . . . . . . . . . . 24 Level 4 . | . . . . . . . . . . . . . . . . . . . . . . . . . Level 5 . | . . . . . . . . . . . . . . . . . . . . . . . . . High Security . | . . . . . . . . . . . . . . . . . . . . . . . . . Max Security . | . . . . . . . . . . . . . . . . . . . . . . . . . Squads Dispatched 49 | . 3 . 1 11 . . . . 2 . . . . 5 . 1 . . 8 . 1 6 5 6 Investigation 14 | . 1 . 1 4 . . . . 1 . . . . 1 . 1 . . 1 . . 2 1 1 Extermination 13 | . . . . 2 . . . . 1 . . . . 2 . . . . 3 . 1 . 2 2 Reinforcement 16 | . 2 . . 1 . . . . . . . . . 2 . . . . 4 . . 4 2 1 Assault 3 | . . . . 1 . . . . . . . . . . . . . . . . . . . 2 Garrison 3 | . . . . 3 . . . . . . . . . . . . . . . . . . . . Intercept . | . . . . . . . . . . . . . . . . . . . . . . . . . Searches Triggered 1 | . . . . . . . . . . . . . . . . . . . . . . . . 1 Data Miner Redirects 3 | . . . . . . . . . . . . . . . . . . . . . . 1 . 2 Construction Impeded 4 | . . . . . . . . . . . . . . 1 . . . . 1 . . . 1 1 Haulers Reinforced 1 | . . . . . . . . . . . . . . . . . . . . . . . 1 . Active Scanning Responses . | . . . . . . . . . . . . . . . . . . . . . . . . . Cargo Convoy Interrupts . | . . . . . . . . . . . . . . . . . . . . . . . . . Stealth | -11 -10 -10 -8 -7 -7 -7 -7 -6 -6 -6 -6 -6 -5 -5 -5 -5 -5 -5 -4 -4 -4 -3 -3 -2 --------- Run | Yrd Mat Sub Mat Fac Low Low Zio Pro Fac Low Low Dat Pro Fac Ext Cet Arc Hub Fac Was Fac Res Tes Res Distress Signals 29 | . 2 . 3 . . . . . . . . . . 2 3 2 . 1 3 . . 6 3 4 Communications Jammed . | . . . . . . . . . . . . . . . . . . . . . . . . . Distress Signals . | . . . . . . . . . . . . . . . . . . . . . . . . . Times Spotted 352 | . 26 11 24 33 2 11 1 8 1 2 1 . 5 20 14 16 25 8 33 5 2 8 24 72 Peak Tracking Total 17 | . 5 2 6 6 1 5 1 3 2 1 1 . 3 5 6 5 17 4 7 6 4 3 5 13 Tactical Retreats 26 | . 3 1 . 4 . 1 . . . . . . . 3 1 1 . . 4 . . . 4 4 Traps | -11 -10 -10 -8 -7 -7 -7 -7 -6 -6 -6 -6 -6 -5 -5 -5 -5 -5 -5 -4 -4 -4 -3 -3 -2 ------- Run | Yrd Mat Sub Mat Fac Low Low Zio Pro Fac Low Low Dat Pro Fac Ext Cet Arc Hub Fac Was Fac Res Tes Res Traps Triggered 19 | . . 3 . 1 . . . . . . . . . . 2 . . . 8 . 2 1 . 2 Indirectly . | . . . . . . . . . . . . . . . . . . . . . . . . . Trap Hack Attempts . | . . . . . . . . . . . . . . . . . . . . . . . . . Triggered . | . . . . . . . . . . . . . . . . . . . . . . . . . Disarmed . | . . . . . . . . . . . . . . . . . . . . . . . . . Reprogrammed . | . . . . . . . . . . . . . . . . . . . . . . . . . Reused . | . . . . . . . . . . . . . . . . . . . . . . . . . Traps Extracted . | . . . . . . . . . . . . . . . . . . . . . . . . . Installed . | . . . . . . . . . . . . . . . . . . . . . . . . . Triggered 2 | . . . . . . . . . . . 1 . 1 . . . . . . . . . . . Machines | -11 -10 -10 -8 -7 -7 -7 -7 -6 -6 -6 -6 -6 -5 -5 -5 -5 -5 -5 -4 -4 -4 -3 -3 -2 ---------- Run | Yrd Mat Sub Mat Fac Low Low Zio Pro Fac Low Low Dat Pro Fac Ext Cet Arc Hub Fac Was Fac Res Tes Res Machines Disabled 27 | . . 2 3 2 2 . 3 . . . . . . 1 1 1 1 2 3 . . . 2 4 Max in Single Turn 2 | . . 1 1 1 1 . 1 . . . . . . 1 1 1 1 1 1 . . . 1 2 Garrison Access 6 | . . . . 1 . . . . . . . . . . . . . . 2 . . 1 1 1 Energy Cycler 2 | . . . . . . . . . . . . . . . 2 . . . . . . . . . Machines Repaired . | . . . . . . . . . . . . . . . . . . . . . . . . . Machines Dismantled . | . . . . . . . . . . . . . . . . . . . . . . . . . Machines Sabotaged . | . . . . . . . . . . . . . . . . . . . . . . . . . Overloaded Fab Kills . | . . . . . . . . . . . . . . . . . . . . . . . . . Hacking | -11 -10 -10 -8 -7 -7 -7 -7 -6 -6 -6 -6 -6 -5 -5 -5 -5 -5 -5 -4 -4 -4 -3 -3 -2 --------- Run | Yrd Mat Sub Mat Fac Low Low Zio Pro Fac Low Low Dat Pro Fac Ext Cet Arc Hub Fac Was Fac Res Tes Res Machines Accessed 71 | . 6 1 6 10 . 1 . . 3 . . 4 . 4 6 1 . . 7 . 2 5 6 9 Terminals 41 | . 5 . 6 4 . 1 . . 3 . . . . 3 4 1 . . 3 . 2 2 2 5 Fabricators 3 | . . . . 2 . . . . . . . . . 1 . . . . . . . . . . Repair Stations 3 | . . . . . . . . . . . . . . . 1 . . . 1 . . . . 1 Recycling Units 3 | . 1 . . . . . . . . . . . . . 1 . . . 1 . . . . . Scanalyzers 8 | . . . . 2 . . . . . . . . . . . . . . . . . 2 3 1 Garrison Access 8 | . . . . 2 . . . . . . . . . . . . . . 2 . . 1 1 2 Total Hacks 219 | . 14 1 19 28 . 1 . . 13 . . 33 . 11 16 3 . . 16 . 8 25 12 19 Successful 123 | . 8 1 10 13 . 1 . . 8 . . 33 . 4 8 2 . . 8 . 2 14 4 7 Failed 96 | . 6 . 9 15 . . . . 5 . . . . 7 8 1 . . 8 . 6 11 8 12 Catastrophic 12 | . 2 . 1 3 . . . . . . . . . . 1 . . . . . 2 . 1 2 Database Lockouts . | . . . . . . . . . . . . . . . . . . . . . . . . . Manual 67 | . 10 . 9 3 1 . 2 . 8 . . . . 1 . . . . 4 . 6 10 4 9 Terminals 135 | . 13 . 19 11 . 1 . . 13 . . . . 10 13 3 . . 8 . 8 14 7 15 Fabricators 7 | . . . . 6 . . . . . . . . . 1 . . . . . . . . . . Repair Stations 4 | . . . . . . . . . . . . . . . 2 . . . 1 . . . . 1 Recycling Units 5 | . 1 . . . . . . . . . . . . . 1 . . . 3 . . . . . Scanalyzers 19 | . . . . 6 . . . . . . . . . . . . . . . . . 8 4 1 Garrison Access 15 | . . . . 5 . . . . . . . . . . . . . . 4 . . 3 1 2 Terminal Hacks 74 | . 4 1 6 4 . 1 . . 6 . . 33 . 2 5 2 . . 1 . 1 5 1 2 Record 17 | . . . . . . 1 . . . . . 11 . . 1 2 . . . . . . . 2 Part Schematic 13 | . . . . . . . . . . . . 13 . . . . . . . . . . . . Robot Schematic 6 | . . . . . . . . . . . . 6 . . . . . . . . . . . . Robot Analysis 2 | . . . . 1 . . . . . . . . . . 1 . . . . . . . . . Prototype ID Bank 6 | . 1 . 1 . . . . . . . . 3 . . . . . . . . . 1 . . Level Access Points 2 | . 1 . . . . . . . . . . . . . . . . . . . . . 1 . Branch Access Points 4 | . . . . 1 . . . . 1 . . . . 1 . . . . . . . 1 . . Emergency Access Points 1 | . 1 . . . . . . . . . . . . . . . . . . . . . . . Terminal Index 5 | . . . 1 1 . . . . 1 . . . . . . . . . . . 1 1 . . Alert Level 7 | . . . 3 . . . . . 1 . . . . 1 1 . . . 1 . . . . . Unreport Threat 1 | . . . . . . . . . . . . . . . 1 . . . . . . . . . Dispatch Records 1 | . . . . . . . . . 1 . . . . . . . . . . . . . . . Reinforcement Status 1 | . . . . . . . . . 1 . . . . . . . . . . . . . . . Recall Reinforcements 1 | . . . . 1 . . . . . . . . . . . . . . . . . . . . Hauler Manifests 1 | . . . . . . . . . . . . . . . . . . . . . . 1 . . Registered Components 1 | . . . . . . . . . . . . . . . . . . . . . . 1 . . Zone Layout 4 | . 1 . 1 . . . . . 1 . . . . . 1 . . . . . . . . . Derelict Proto ID Bank 1 | . . 1 . . . . . . . . . . . . . . . . . . . . . . Fabricator Hacks 3 | . . . . 2 . . . . . . . . . 1 . . . . . . . . . . Network Status 2 | . . . . 1 . . . . . . . . . 1 . . . . . . . . . . Build 1 | . . . . 1 . . . . . . . . . . . . . . . . . . . . Repair Station Hacks 2 | . . . . . . . . . . . . . . . 2 . . . . . . . . . Scan Component 1 | . . . . . . . . . . . . . . . 1 . . . . . . . . . Repair 1 | . . . . . . . . . . . . . . . 1 . . . . . . . . . Recycling Unit Hacks 3 | . . . . . . . . . . . . . . . 1 . . . 2 . . . . . Report Inventory 2 | . . . . . . . . . . . . . . . 1 . . . 1 . . . . . Retrieve Components 1 | . . . . . . . . . . . . . . . . . . . 1 . . . . . Scanalyzer 11 | . . . . 5 . . . . . . . . . . . . . . . . . 5 1 . Insert Component 7 | . . . . 3 . . . . . . . . . . . . . . . . . 3 1 . Analyze 4 | . . . . 2 . . . . . . . . . . . . . . . . . 2 . . Garrison Access Hacks 4 | . . . . . . . . . . . . . . . . . . . 2 . . . 1 1 Seal Access 4 | . . . . . . . . . . . . . . . . . . . 2 . . . 1 1 Unauthorized Hacks 26 | . 4 . 4 2 . . . . 2 . . . . 1 . . . . 3 . 1 4 1 4 Terminals 23 | . 3 . 4 1 . . . . 2 . . . . 1 . . . . 3 . 1 3 1 4 Track 1 | . . . . . . . . . . . . . . . . . . . . . . 1 . . Assimilate 2 | . . . . . . . . . . . . . . . . . . . 1 . . . . 1 Botnet 18 | . 3 . 4 1 . . . . 2 . . . . 1 . . . . 1 . 1 1 1 3 Operators 2 | . . . . . . . . . . . . . . . . . . . 1 . . 1 . . Fabricators 1 | . . . . 1 . . . . . . . . . . . . . . . . . . . . Fabnet 1 | . . . . 1 . . . . . . . . . . . . . . . . . . . . Repair Stations . | . . . . . . . . . . . . . . . . . . . . . . . . . Recycling Units 1 | . 1 . . . . . . . . . . . . . . . . . . . . . . . Tunnel 1 | . 1 . . . . . . . . . . . . . . . . . . . . . . . Scanalyzers . | . . . . . . . . . . . . . . . . . . . . . . . . . Garrison Access 1 | . . . . . . . . . . . . . . . . . . . . . . 1 . . Jam 1 | . . . . . . . . . . . . . . . . . . . . . . 1 . . Data Cores Recovered 2 | . . . 1 . . . . . . . . . . . 1 . . . . . . . . . Used 1 | . . . . . . . . . . . . . . . 1 . . . . . . . . . Hacking Detections 57 | . 4 . 5 10 . . . . 3 . . . . 4 5 1 . . 6 . 2 4 5 8 Full Trace Events 12 | . 1 . 2 4 . . . . 1 . . . . 1 . 1 . . . . . . 1 1 Feedback Events 4 | . . . . 2 . . . . . . . . . 2 . . . . . . . . . . Corruption 3 | . . . . 2 . . . . . . . . . 1 . . . . . . . . . . Hackware Fried 1 | . . . . . . . . . . . . . . 1 . . . . . . . . . . Feedback Blocked 1 | . . . . . . . . . . . . . . . . . . . . . . . 1 . Robot Schematics Acquired 6 | . . . . . . . . . . . . 6 . . . . . . . . . . . . Robots Built . | . . . . . . . . . . . . . . . . . . . . . . . . . Authchips . | . . . . . . . . . . . . . . . . . . . . . . . . . Time . | . . . . . . . . . . . . . . . . . . . . . . . . . Total Robot Build Rating . | . . . . . . . . . . . . . . . . . . . . . . . . . Part Schematics Acquired 17 | . . . . 2 . . . . . . . 13 . . . . . . . . . 2 . . Parts Built 2 | . . . . 2 . . . . . . . . . . . . . . . . . . . . Authchips . | . . . . . . . . . . . . . . . . . . . . . . . . . Time 47 | . . . . 47 . . . . . . . . . . . . . . . . . . . . Total Part Build Rating 10 | . . . . 10 . . . . . . . . . . . . . . . . . . . . Parts Repaired 1 | . . . . . . . . . . . . . . . 1 . . . . . . . . . Time 28 | . . . . . . . . . . . . . . . 28 . . . . . . . . . Parts Recycled . | . . . . . . . . . . . . . . . . . . . . . . . . . Recycled Matter . | . . . . . . . . . . . . . . . . . . . . . . . . . Retrieved Matter . | . . . . . . . . . . . . . . . . . . . . . . . . . Retrieved Components 1 | . . . . . . . . . . . . . . . . . . . 1 . . . . . Parts Scanalyzed 5 | . . . . 2 . . . . . . . . . . . . . . . . . 2 1 . Part Schematics Acquired 4 | . . . . 2 . . . . . . . . . . . . . . . . . 2 . . Parts Damaged . | . . . . . . . . . . . . . . . . . . . . . . . . . Bothacking | -11 -10 -10 -8 -7 -7 -7 -7 -6 -6 -6 -6 -6 -5 -5 -5 -5 -5 -5 -4 -4 -4 -3 -3 -2 ------------ Run | Yrd Mat Sub Mat Fac Low Low Zio Pro Fac Low Low Dat Pro Fac Ext Cet Arc Hub Fac Was Fac Res Tes Res Used RIF Installer . | . . . . . . . . . . . . . . . . . . . . . . . . . Robots Hacked . | . . . . . . . . . . . . . . . . . . . . . . . . . Non-combat . | . . . . . . . . . . . . . . . . . . . . . . . . . Combat . | . . . . . . . . . . . . . . . . . . . . . . . . . Robot Hacks Applied . | . . . . . . . . . . . . . . . . . . . . . . . . . Relay Couplers Released 1 | . . . . 1 . . . . . . . . . . . . . . . . . . . . Machine Destruction 1 | . . . . 1 . . . . . . . . . . . . . . . . . . . . Fabnet Peak Effective % 3 | . . . . . . . . 3 3 3 3 3 1 1 1 1 1 1 . . . . . . Robots Rewired 11 | . . . . . . . . . . . . . . . 11 . . . . . . . . . Allies Hacked . | . . . . . . . . . . . . . . . . . . . . . . . . . Hacks Repelled . | . . . . . . . . . . . . . . . . . . . . . . . . . Allies | -11 -10 -10 -8 -7 -7 -7 -7 -6 -6 -6 -6 -6 -5 -5 -5 -5 -5 -5 -4 -4 -4 -3 -3 -2 -------- Run | Yrd Mat Sub Mat Fac Low Low Zio Pro Fac Low Low Dat Pro Fac Ext Cet Arc Hub Fac Was Fac Res Tes Res Total Allies 18 | . . 5 . . . . . . . . . . . . 11 . . . 1 . . . . 1 Largest Group 10 | . . 3 2 . . . . . . . . . . . 10 10 . . 1 . . . . 1 Highest-Rated Group 317 | . . 57 38 . . . . . . . . . . . 317 317 . . 10 . . . . 45 Highest-Rated Ally 45 | . . 19 19 . . . . . . . . . . . 39 39 . . 10 . . . . 45 Total Orders 5 | . . . . . . . . . . . . . . . . . . . . . 5 . . . EXPLORE 5 | . . . . . . . . . . . . . . . . . . . . . 5 . . . Ally Attacks 109 | . . 13 4 . . . . . . . . . . . 24 68 . . . . . . . . Total Damage 1924 | . . 223 72 . . . . . . . . . . . 395 1234 . . . . . . . . Kills 17 | . . 2 1 . . . . . . . . . . . 3 11 . . . . . . . . Allies Corrupted . | . . . . . . . . . . . . . . . . . . . . . . . . . Allies Melted . | . . . . . . . . . . . . . . . . . . . . . . . . . Intel | -11 -10 -10 -8 -7 -7 -7 -7 -6 -6 -6 -6 -6 -5 -5 -5 -5 -5 -5 -4 -4 -4 -3 -3 -2 ------- Run | Yrd Mat Sub Mat Fac Low Low Zio Pro Fac Low Low Dat Pro Fac Ext Cet Arc Hub Fac Was Fac Res Tes Res Robot Analysis Total 2 | . . . . 1 . . . . . . . . . . 1 . . . . . . . . . Derelict Logs Recovered 12 | . . 1 . . 2 . 2 3 . 2 . . 2 . . . . . . . . . . . Drone Launches 5 | . . . . . . . . . . . . . . . . . . . . . 5 . . . Drone Recoveries 1 | . . . . . . . . . . . . . . . . . . . . . 1 . . . Decoded 0b10 Intel 151 | . . . . . . . . . . . . . . . . . . 9 55 . . 26 28 33 Traps 11 | . . . . . . . . . . . . . . . . . . . 5 . . 3 2 1 Emergency Access 11 | . . . . . . . . . . . . . . . . . . 1 5 . . 2 1 2 Items 98 | . . . . . . . . . . . . . . . . . . 6 31 . . 19 18 24 Machines 15 | . . . . . . . . . . . . . . . . . . 1 7 . . 2 5 . Patrols 9 | . . . . . . . . . . . . . . . . . . 1 3 . . . 2 3 Guards 7 | . . . . . . . . . . . . . . . . . . . 4 . . . . 3 Exploration | -11 -10 -10 -8 -7 -7 -7 -7 -6 -6 -6 -6 -6 -5 -5 -5 -5 -5 -5 -4 -4 -4 -3 -3 -2 ------------- Run | Yrd Mat Sub Mat Fac Low Low Zio Pro Fac Low Low Dat Pro Fac Ext Cet Arc Hub Fac Was Fac Res Tes Res Turns Passed 21168 | 163 1151 1761 918 1507 604 739 1483 1128 266 521 633 100 532 1216 1258 787 296 300 2216 87 255 912 1170 1165 Spaces Moved 15074 | 69 568 1336 545 853 462 529 1221 884 231 460 511 93 400 775 750 384 139 174 1448 99 193 725 857 1368 Core 19 | 2 . . . . . . . . . . . . . . . . . . 13 . . . . 4 Treads 768 | 67 568 11 . . . . . . . . . . . . . . 43 32 47 . . . . . Legs 8689 | . . 140 545 853 462 529 1221 884 231 460 511 93 400 414 585 384 96 . 72 . . 390 360 59 Wheels 2032 | . . 1185 . . . . . . . . . . . 137 . . . 142 216 . . . 1 351 Hover 2156 | . . . . . . . . . . . . . . 224 165 . . . 1100 92 . 242 333 . Flight 1410 | . . . . . . . . . . . . . . . . . . . . 7 193 93 163 954 Fastest Speed 14 | 50 160 110 125 97 97 97 105 105 108 108 108 108 108 91 91 120 120 120 40 30 30 30 17 14 Average Speed 108 | 156 160 121 125 119 104 120 108 117 108 108 108 108 111 117 120 184 175 138 102 76 53 100 82 43 Slowest Speed 1100 | 160 160 240 280 190 105 185 190 185 108 108 108 108 186 330 190 190 260 160 1100 80 120 190 260 400 Overloaded Moves . | . . . . . . . . . . . . . . . . . . . . . . . . . Propulsion Burnouts . | . . . . . . . . . . . . . . . . . . . . . . . . . Robots Hopped 15 | . . . . . . . . . . . . . . . . 4 . . . . . . 1 10 Cave-ins Triggered 4 | . . . . . . . . . . . . . . . . . . . 1 . . . 1 2 Exploration Rate (%) 48 | 6 62 71 37 20 60 61 81 78 5 63 60 71 62 18 76 79 89 19 26 70 10 11 56 22 Regions Visited 24 Branch Regions 14 Pre-discovered Areas 4 | . 1 . . . . . 2 . . . . 1 . . . . . . . . . . . . Known Exits Taken 8 | . . . . 1 . . . . 1 . . . 1 1 1 . . 1 . . . 1 1 . Unknown Exits Taken 14 | 1 1 1 1 . 1 1 1 1 . 1 1 1 . . . 1 1 . . . 1 . . . Scrap Searched 22 | . . . . . 3 4 4 5 . 1 4 . 1 . . . . . . . . . . . Spaces Dug 166 | . . . . 9 . 7 . . 3 . 2 . . 12 . . . 2 68 4 9 16 14 20 Terrain Destroyed 508 | . . . . 11 . 67 . 1 3 4 22 . 2 22 8 . 44 4 137 4 9 17 20 133 Melee 125 | . . . . 9 . 3 . . . . . . . 12 . . . 2 64 4 9 13 9 . Projectile 177 | . . . . 2 . 7 . 1 3 4 22 . 2 10 8 . 2 2 28 . . 4 11 71 AOE 206 | . . . . . . 57 . . . . . . . . . . 42 . 45 . . . . 62 Terrain Rammed . | . . . . . . . . . . . . . . . . . . . . . . . . . Walls Destroyed . | . . . . . . . . . . . . . . . . . . . . . . . . . Machines Disabled . | . . . . . . . . . . . . . . . . . . . . . . . . . Actions | -11 -10 -10 -8 -7 -7 -7 -7 -6 -6 -6 -6 -6 -5 -5 -5 -5 -5 -5 -4 -4 -4 -3 -3 -2 --------- Run | Yrd Mat Sub Mat Fac Low Low Zio Pro Fac Low Low Dat Pro Fac Ext Cet Arc Hub Fac Was Fac Res Tes Res Total 18225 | 96 699 1411 660 1189 557 598 1361 945 243 474 553 92 459 946 1060 439 178 201 1948 103 330 843 1117 1723 Wait 1111 | . 13 26 12 185 77 32 95 14 . 2 13 . 42 29 146 9 6 . 197 . 77 21 49 66 Move 15020 | 68 567 1335 544 852 461 528 1220 883 230 459 510 92 399 774 749 375 138 173 1448 98 192 724 854 1347 Hop 15 | . . . . . . . . . . . . . . . . 4 . . . . . . 1 10 Pick Up 257 | 7 18 3 19 25 2 3 8 10 4 3 2 . 1 15 24 8 . 1 28 . . 18 19 39 Fast Attach 180 | 7 . 3 4 3 . 1 7 2 . . . . . 14 4 4 2 3 29 1 8 24 41 23 Attach 150 | . 4 . 10 8 . 1 2 4 2 . . . 1 11 9 2 10 6 32 . 1 2 17 28 Detach 77 | . 4 2 . . . . 7 1 . . . . . 2 4 2 3 . 15 . 3 9 10 15 Swap 144 | 1 6 10 9 14 1 12 7 3 1 . 2 . 2 12 13 6 3 . 12 . . 4 9 17 Drop 234 | . 19 6 7 25 3 5 5 12 3 4 4 . . 14 15 13 4 . 22 . 4 9 21 39 Fire 698 | 13 68 26 55 63 13 13 10 16 3 6 21 . 14 62 27 16 8 13 72 . . 13 67 99 Melee 168 | . . . . 11 . 3 . . . . . . . 13 . . . 5 79 4 9 18 26 . Ram 7 | . . . . . . . . . . . . . . . . . . . . . . 1 3 3 Kick 17 | . . . . 3 . . . . . . . . . . . . . . 1 . . . . 13 Crush . | . . . . . . . . . . . . . . . . . . . . . . . . . Escape Stasis 73 | . . . . . . . . . . . . . . . . . . . 13 . 36 . . 24 Rewire 74 | . . . . . . . . . . . 1 . . . 69 . 4 . . . . . . . Trap . | . . . . . . . . . . . . . . . . . . . . . . . . . Miscellaneous . | . . . . . . . . . . . . . . . . . . . . . . . . . Route ------- -11/Scrapyard -10/Materials (discovered 4 exits: *Mat x3 / *Sub) -10/Subcaves (discovered 2 exits: *Mat / [*Rec]) -8/Materials -7/Factory (discovered 5 exits: *Fac x2 / Sto / *Low x2) -7/Lower Caves -7/Lower Caves -7/Zion (discovered 2 exits: [*Dee] / [*Pro]) -6/Proximity Caves -6/Factory (discovered 3 exits: Fac / *Low x2) -6/Lower Caves -6/Lower Caves (discovered 2 exits: *Fac / *Dat) -6/Data Miner -5/Proximity Caves -5/Factory (discovered 4 exits: Upp x2 / *Ext x2) -5/Extension (discovered 3 exits: *Fac x2 / *Cet) -5/Cetus (discovered 2 exits: *Fac / *Arc) -5/Archives -5/Hub_04(d) -4/Factory -4/Waste -4/Factory -3/Research (discovered 2 exits: *Tes x2) -3/Testing -2/Research (discovered 1 exit: [*Qua]) History --------- Turn | Location | Event 47 | -11/Scrapyard | Discovered new exit (range 15) 164 | -11/Scrapyard | Entered Materials 304 | -10/Materials | Build established: Mutant 729 | -10/Materials | Identified exit to Materials 997 | -10/Materials | Discovered new exit (range 4) 1315 | -10/Materials | Entered Subcaves 1385 | -10/Subcaves | Learned Materials security intel 1446 | -10/Subcaves | Visited triangular shrine 1453 | -10/Subcaves | Found Prototype Device 1453 | -10/Subcaves | Identified V3-11A's Pendant 1458 | -10/Subcaves | Befriended Subdweller 1876 | -10/Subcaves | Visited 4L-MR0's lab 1888 | -10/Subcaves | Found Meta Core 2300 | -10/Subcaves | Ambushed by Subdwellers from Twisted Machinery 2305 | -10/Subcaves | Befriended Subdweller 2305 | -10/Subcaves | Befriended Subdweller 2382 | -10/Subcaves | Discovered new exit (range 13) 2456 | -10/Subcaves | Shifting Twisted Machinery released Mak. Leg 2565 | -10/Subcaves | Ambushed by Subdweller buried in earth 2567 | -10/Subcaves | Befriended Subdweller 2567 | -10/Subcaves | Befriended Subdweller 2605 | -10/Subcaves | Shifting Twisted Machinery released Sub. Shrapnel Launcher 2606 | -10/Subcaves | Shifting Twisted Machinery released Sub. Power Source 3001 | -10/Subcaves | Discovered new exit (range 12) 3076 | -10/Subcaves | Entered Materials 3076 | -8/Materials | Accompanied by 2 allies 3076 | -8/Materials | Evolved 4 slots: Propulsion x2, Utility x2 3237 | -8/Materials | Lost 6 parts (2p2n1u1w) 3408 | -8/Materials | Attached Meta Core, gained temporary slots: Propulsion, Utility, Weapon 3710 | -8/Materials | Build established: Scavenger-Tank 3871 | -8/Materials | Discovered new exit (range 12) 3994 | -8/Materials | Entered Factory 3994 | -7/Factory | Evolved 2 slots: Utility x2 4245 | -7/Factory | Discovered new exit (range 5) 4307 | -7/Factory | Build established: Hacker-Skirmisher 4558 | -7/Factory | Identified exit to Storage 4558 | -7/Factory | Identified exit to Lower Caves 4996 | -7/Factory | Build established: Scavenger-Skirmisher 5173 | -7/Factory | Fabricated Imp. VSS Leg (x2) 5249 | -7/Factory | Garrison activated, responded to threat 5331 | -7/Factory | Discovered new exit (range 10) 5501 | -7/Factory | Entered Lower Caves 5599 | -7/Lower Caves | Learned 4 Factory zone layouts 5704 | -7/Lower Caves | Build established: Hacker-Mutant 5719 | -7/Lower Caves | Encountered a Warlord checkpoint 5789 | -7/Lower Caves | Acquired the password to a Derelict Tinkerer's latest research 5812 | -7/Lower Caves | Found Prototype Special Weapon 6077 | -7/Lower Caves | Learned 4 Factory zone layouts 6086 | -7/Lower Caves | Discovered new exit (range 7) 6105 | -7/Lower Caves | Entered another Lower Caves area 6336 | -7/Lower Caves | Spotted B-75 Beast 6343 | -7/Lower Caves | Ambushed by wild Derelicts 6817 | -7/Lower Caves | Discovered new exit (range 11) 6844 | -7/Lower Caves | Entered Zion 6893 | -7/Zion | System corruption cleaned by Quarantine Array 6921 | -7/Zion | Found GAL Module 6954 | -7/Zion | Discovered new exit (range 10) 7050 | -7/Zion | Received a visual enhancement algorithm 7358 | -7/Zion | Discovered new exit (range 4) 7358 | -7/Zion | Saw the warning signs outside the Deep Caves entrance 7445 | -7/Zion | Found Prototype Processor 7445 | -7/Zion | Identified Exp. Armor Integrity Analyzer 7450 | -7/Zion | Found Prototype Processor 7450 | -7/Zion | Identified Spectral Analyzer 7453 | -7/Zion | Found Prototype Processor 7453 | -7/Zion | Identified Exp. Core Analyzer 7456 | -7/Zion | Found Prototype Processor 7456 | -7/Zion | Identified Exp. Target Analyzer 7465 | -7/Zion | Found Exp. Armor Integrity Analyzer 7681 | -7/Zion | Learned location of Quarantine (-2) 7747 | -7/Zion | System corruption cleaned by Quarantine Array 8327 | -7/Zion | Entered Proximity Caves 8421 | -6/Proximity Caves | Attracted the attention of an 0b10 checkpoint 8676 | -6/Proximity Caves | Learned Factory trap positions 8751 | -6/Proximity Caves | Discovered new exit (range 6) 8835 | -6/Proximity Caves | Learned Factory terminal intel 9143 | -6/Proximity Caves | Learned location of 1 exit from Factory 9199 | -6/Proximity Caves | Identified Molecular Deconstructor 9455 | -6/Proximity Caves | Entered Factory 9455 | -6/Factory | Evolved 2 slots: Power x1, Propulsion x1 9456 | -6/Factory | Identified exit to Factory 9458 | -6/Factory | Loaded intel: 85 trap records 9459 | -6/Factory | Loaded intel: 26 terminal locations 9617 | -6/Factory | Discovered new exit (range 10) 9652 | -6/Factory | Identified exit to Lower Caves 9721 | -6/Factory | Entered Lower Caves 9796 | -6/Lower Caves | Learned Factory security intel 9921 | -6/Lower Caves | Attracted the attention of an 0b10 checkpoint 10208 | -6/Lower Caves | Discovered new exit (range 9) 10242 | -6/Lower Caves | Entered another Lower Caves area 10257 | -6/Lower Caves | Discovered exit to Factory (range 9) 10263 | -6/Lower Caves | Encountered a Warlord checkpoint 10561 | -6/Lower Caves | Found DCF Scrap (12 items) 10643 | -6/Lower Caves | Discovered new exit (range 14) 10875 | -6/Lower Caves | Entered Data Miner 10875 | -6/Data Miner | Discovered new exit (range 6) 10896 | -6/Data Miner | Met Data Miner 10934 | -6/Data Miner | Learned location of Section 7 (-2) 10934 | -6/Data Miner | Acquired the access code to Warlord's prototype stash 10942 | -6/Data Miner | Received God Mode back door access code from Data Miner 10975 | -6/Data Miner | Entered Proximity Caves 11249 | -5/Proximity Caves | Learned Factory security intel 11334 | -5/Proximity Caves | Learned Factory terminal intel 11495 | -5/Proximity Caves | Discovered exit to Factory (range 7) 11496 | -5/Proximity Caves | Spotted B-75 Beast 11507 | -5/Proximity Caves | Entered Factory 11507 | -5/Factory | Evolved 2 slots: Propulsion x1, Weapon x1 11508 | -5/Factory | Identified exit to Upper Caves 11508 | -5/Factory | Identified exit to Extension 11510 | -5/Factory | Loaded intel: 28 terminal locations 11754 | -5/Factory | Hacking Suite fried by hacking feedback 12130 | -5/Factory | Lost 10 parts (2p5n2u1w) 12297 | -5/Factory | Build established: Hacker-Gunner 12723 | -5/Factory | Entered Extension 12799 | -5/Extension | Repaired Wave Gun 12847 | -5/Extension | Energy Cycler disabled 13071 | -5/Extension | Lost 3 parts (1p1n1u) 13220 | -5/Extension | Build established: Commander-Gunner 13277 | -5/Extension | Discovered new exit (range 15) 13298 | -5/Extension | Extracted ID and sensor layout for unrecognized location from A7's data core 13894 | -5/Extension | Discovered new exit (range 10) 13895 | -5/Extension | Discovered new exit (range 6) 13918 | -5/Extension | Identified exit to Cetus 13920 | -5/Extension | Identified exit to Factory 13981 | -5/Extension | Entered Cetus 13981 | -5/Cetus | Accompanied by 10 allies 14003 | -5/Cetus | Spotted Cetus Guard 14003 | -5/Cetus | Spotted Cetus Guard 14005 | -5/Cetus | Spotted Cetus Guard 14006 | -5/Cetus | Spotted Cetus Guard 14011 | -5/Cetus | Allies destroyed Cetus Guard 14021 | -5/Cetus | Allies destroyed Cetus Guard 14024 | -5/Cetus | Destroyed Cetus Guard 14025 | -5/Cetus | Allies destroyed Cetus Guard 14223 | -5/Cetus | Discovered new exit (range 15) 14259 | -5/Cetus | Spotted Cetus Guard 14260 | -5/Cetus | Spotted Cetus Guard 14261 | -5/Cetus | Allies destroyed Cetus Guard 14262 | -5/Cetus | Spotted Cetus Guard 14265 | -5/Cetus | Spotted Cetus Guard 14265 | -5/Cetus | Allies destroyed Cetus Guard 14275 | -5/Cetus | Allies destroyed Cetus Guard 14276 | -5/Cetus | Allies destroyed Cetus Guard 14294 | -5/Cetus | Discovered exit to Factory (range 16) 14298 | -5/Cetus | Lost 4 allies 14306 | -5/Cetus | Met Revision 17 14561 | -5/Cetus | Build established: Scavenger-Tank 14731 | -5/Cetus | Security sweep announced 14768 | -5/Cetus | Entered Archives 14809 | -5/Archives | Met Zhirov 14815 | -5/Archives | Reinforcements dispatched to Archives 14827 | -5/Archives | Unable to access archive contents 14860 | -5/Archives | Reinforcements dispatched to Archives 14862 | -5/Archives | Zhirov warped through subspace 14864 | -5/Archives | Unable to access archive contents 14868 | -5/Archives | Destroyed 7 combat bots 14874 | -5/Archives | Discovered new exit (range 13) 14880 | -5/Archives | Zhirov detonated Archives 14881 | -5/Archives | Core integrity fell below 50% 14881 | -5/Archives | Core integrity fell below 20% 14911 | -5/Archives | Lost 19 parts (2p8n5u4w) 15064 | -5/Archives | Entered Hub_04(d) 15340 | -5/Hub_04(d) | Build established: Scavenger-Mutant 15346 | -5/Hub_04(d) | Discovered exit to Factory (range 14) 15364 | -5/Hub_04(d) | Entered Factory 15364 | -4/Factory | Evolved 2 slots: Utility x2 15928 | -4/Factory | Found Prototype Hackware 15928 | -4/Factory | Identified Exp. Hacking Suite 16011 | -4/Factory | Build established: Hacker-Mutant 16522 | -4/Factory | Lost 3 parts (1p2n) 16579 | -4/Factory | System corruption reached 10% 16586 | -4/Factory | Crushed by falling debris 16718 | -4/Factory | Lost 3 parts (1p1n1w) 16954 | -4/Factory | Build established: Hacker-Skirmisher 17035 | -4/Factory | System corruption reached 30% 17252 | -4/Factory | Lost 5 parts (1p2n1u1w) 17312 | -4/Factory | Core integrity fell below 50% 17398 | -4/Factory | Lost 20 parts (3p7n3u7w) 17430 | -4/Factory | Core integrity fell below 20% 17467 | -4/Factory | Lost 4 parts (2n1u1w) 17580 | -4/Factory | Manually triggered Chute Trap 17580 | -4/Factory | Sucked down chute 17580 | -4/Factory | Entered Waste 17601 | -4/Waste | Spotted C-40 Crusher 17605 | -4/Waste | Spotted C-40 Crusher 17624 | -4/Waste | Spotted C-40 Crusher 17625 | -4/Waste | Spotted C-40 Crusher 17631 | -4/Waste | Build established: Hacker-Mutant 17636 | -4/Waste | Spotted C-40 Crusher 17653 | -4/Waste | Discovered new exit (range 10) 17667 | -4/Waste | Entered Factory 17876 | -4/Factory | Discovered new exit (range 41) 17922 | -4/Factory | Entered Research 17922 | -3/Research | Evolved 2 slots: Propulsion x2 17944 | -3/Research | Lost 3 allies 17971 | -3/Research | Incoming investigation squad redirected 18085 | -3/Research | Discovered new exit (range 5) 18122 | -3/Research | Revision forces began assault on 0b10 18124 | -3/Research | Identified exit to Testing 18170 | -3/Research | Lost 4 parts (1p1n1u1w) 18236 | -3/Research | Met up with Revision 17++ 18325 | -3/Research | Spotted B-86 Titan 18362 | -3/Research | Destroyed B-86 Titan 18622 | -3/Research | Research terminal network offline 18667 | -3/Research | Build established: Scavenger-Gunner 18834 | -3/Research | Entered Testing 18938 | -3/Testing | Identified exit to Research 19285 | -3/Testing | Spotted Striker 19287 | -3/Testing | Spotted Striker 19320 | -3/Testing | Destroyed Striker 19358 | -3/Testing | Destroyed Striker 19377 | -3/Testing | Lost 16 parts (3p7n3u3w) 19510 | -3/Testing | Spotted Alpha 7 19581 | -3/Testing | Core integrity fell below 50% 19600 | -3/Testing | Stole the SGEMP Prototype 19606 | -3/Testing | Lost 14 parts (2p7n2u3w) 19612 | -3/Testing | System corruption reached 10% 19714 | -3/Testing | Lost 9 parts (2p4n2u1w) 19765 | -3/Testing | Crushed by falling debris 19766 | -3/Testing | Found Prototype Energy Cannon 19766 | -3/Testing | Identified Imp. Potential Cannon 19831 | -3/Testing | Build established: Scavenger-Mutant 19906 | -3/Testing | Found Prototype Energy Cannon 19906 | -3/Testing | Identified Hpw. Disruptor Cannon 20004 | -3/Testing | Entered Research 20004 | -2/Research | Evolved 2 slots: Utility x2 20034 | -2/Research | Lost 4 parts (1p1n1u1w) 20142 | -2/Research | Discovered new exit (range 7) 20167 | -2/Research | Spotted B-90 Cyclops 20254 | -2/Research | Search patrols dispatched 20263 | -2/Research | Crushed by falling debris 20271 | -2/Research | Crushed by falling debris 20271 | -2/Research | System corruption reached 10% 20302 | -2/Research | Lost 5 parts (5u) 20521 | -2/Research | Destroyed 7 combat bots 21004 | -2/Research | First assault squad dispatched 21029 | -2/Research | Lost 3 parts (2n1w) 21134 | -2/Research | Incoming assault squad redirected 21144 | -2/Research | Incoming assault squad redirected 21154 | -2/Research | Core integrity fell below 50% 21166 | -2/Research | Core integrity fell below 20% 21169 | -2/Research | Destroyed by G-73 Enforcer with Phase Gun Last Messages --------------- 21159_ Kicked L-61 Swordsman. 21160_ >> DECODED: Adv. Remote Datajack location. 21160_ Centrium Leg severed. 21161_ 0b10 Decoder Chip [Generic] severed. 21162_ Slammed into L-61 Swordsman. 21162_ Destabilizing: System corrupted (+2). 21162_ Slug penetrates Wall. 21162_ Penetrated by Slug. 21163_ Acquired 3 matter. 21163_ Adv. Visual Processing Unit destroyed. 21164_ K-01 Serf collects debris. 21165_ Centrium Wheel destroyed. 21166_ Discarded Adv. Signal Interpreter. 21166_ Adv. Target Analyzer severed. 21166_ Dropped Hcp. Storage Unit. 21167_ Penetrated by Slug. 21167_ Slug penetrates Wall. 21168_ Slammed into Y-72 Warden. 21168_ Penetrated by Slug. [Achievement: Overachiever] Map ----- +----------------------------------------------------+ | ?????????????????????????????????????????????????? | | ?????????????????????????????????????????????????? | | ?????????????????????????????????????????????????? | | ?????????????????????????????????????????????????? | | ?????????????????????????????????????????????????? | | ?????????????????????????????????????????????????? | | ?????????????????????????????????????????????????? | | ?????????????????????????????????????????????????? | | ?????????????????????????????????????????????????? | | ?????????????????????????????????????????????????? | | ?????????????????????????????????????????????????? | | ??[????????????????????????????????????########### | | ?????????????????????????????########### * # | | ?????????????????????????????# # # | | #####????????????????????????# #]] """ # | | #????????????????????????# #] """ # | | #????????????????????????# # """ # | | #????????????????????????? # # | | #??????????????????????????? # # | | [#?????#############??????????? # # | | #?????# ## ## # #######??????? #####+##### | | #+###????## # ##########+### ### | | #"#####"""" " ### k g | | ! =!! < [ | | """###"=""" %*= # g | | "" = " !!%* # @Y ############## ### | | "# " # ]######%#######????????## ## | | ## ### " # #?????????# ## | | ## ! #?## # # =!*! #?????????# ## | | ## #??### # !!* #??????]??+ ## | | ## #????# # g[[=%#?????????# ## | | #########????# # gh %#?????????# ## | | #??????????###+########;###+########### ## | | #??????????# g#?#%## # ## | | #??????????# % #?#%## = # ## | | #####??????????# ! ;##/## """ # #### | | ???????????????# R"[%## """ # #### | | ???????????????# +=% ## """ # = | | ???????????????# """ ""=!## / | | ???????????????# ! """" #"#"## # | | ???????????????# """ %+! + # ! """ | | ???????????????# """ |##### # """ | | ???????????????# *%|##???########## """ | | ???????????????# % ! #?????????????# | | ???????????????# % #?????????????# | | ???????????????#####"#+#################### | | ???????????????????# %^ | | ???????????????????# ^^ ############# ##### | | ???????????????????# #???????????# #?# | | ???????????####????# #???????????# #?# | +----------------------------------------------------+ Best States ------------- Heat Dissipation 125 Energy Generation 45 Energy Capacity 1100 Matter Stores 300 Matter Capacity 300 Sight Range 20 Robot Scan Range 16 Terrain Scan Range 20 Terrain Scan Density 110 ECM Strength 2 Cloak Strength 2 Additional Mass Support 9 Base Temperature (-) 200 EM Shielding 2 Armor Coverage 450 Core Shielding 30 Weapon Shielding 66 Phase Shifting 15 Evasion (%) 76 Targeting Accuracy 6 Melee Accuracy 6 Target Analysis 12 Armor Integrity Analysis 50 Recoil Reduction 2 Salvage Targeting 6 Offensive Hacking 44 Defensive Hacking 14 Item Schematics ----------------- Hacking Suite | -7/Factory | Scanalyzed Hvy. Missile Launcher | -7/Factory | Scanalyzed Combat Drone Bay | -6/Data Miner | Free Lgt. Regenerative Plating | -6/Data Miner | Free Cld. Nuclear Pulse Thruster | -6/Data Miner | Free Cld. Plasma Rifle | -6/Data Miner | Free Prc. Energy Filter | -6/Data Miner | Free Adv. Medium Treads | -6/Data Miner | Free Graphene Brace | -6/Data Miner | Free Adv. Coolant Injector | -6/Data Miner | Free HERF Cannon | -6/Data Miner | Free Imp. Weapon Cycler | -6/Data Miner | Free Nova Cannon | -6/Data Miner | Free Force Lance | -6/Data Miner | Free Adv. Component Analysis Suite | -6/Data Miner | Free Huge Storage Unit | -3/Research | Scanalyzed Mic. Antimatter Reactor | -3/Research | Scanalyzed Robot Schematics ------------------ L-41 Fighter | -6/Data Miner | Free B-48 Gladiator | -6/Data Miner | Free M-22 Extractor | -6/Data Miner | Free E-15 Imp | -6/Data Miner | Free M-36 Artificer | -6/Data Miner | Free B-60 Warrior | -6/Data Miner | Free Fabricated ------------ Imp. VSS Leg | x2 | -7/Factory | Preloaded Alien Tech Used ----------------- None Achievements -------------- Max Potential Overachiever Revolutionary Research Z1$+NX3F=JRE3_ZNQR Challenges ------------ None Game ------ Seed CommGlidesysSpiker Manual? 0 Play Time 03:04:53 Cumulative 127.1 hours Start 2024.10.15 @ 02:27:23 End 2024.10.15 @ 05:30:48 Sessions 1 Manual Loads 0 Difficulty Rogue Special Mode None Game No. 149 Rogue 149 Adventurer 0 Explorer 0 Win Type - Total 2 Types 2/0/0/0/0/0/0/0/0 Lore% 61 Gallery% 66 Achievement% 50 Wizard Run 0 Options --------- Layout 0 ASCII 0 Keyboard 1 Movement Numpad Keybinds 0 Fullscreen 2 Font 18/SmallcapsGlow Map View 76x50 Zoom Use 0% Tactical HUD 1 Map Filters NONE Filters NONE Steam 1 RUN: 1e8e6bcc-6cad-4318-b2fe-0550a70771fb